 Dungeon Crawl Stone Soup version 0.31-a0-198-g2ad674f65e (webtiles) character file.

Game seed: 15372745514651344251

347 qw the Skirmisher (level 6, 0/35 HPs)
             Began as a Deep Elf Hunter on June 25, 2023.
             Was a Follower of Okawaru.
             Slain by a scorpion (6 damage)
             ... on level 5 of the Dungeon.
             The game lasted 00:01:15 (3593 turns).

qw the Skirmisher (Deep Elf Hunter)                 Turns: 3593, Time: 00:01:15

Health: 0/35       AC:  8    Str: 10    XL:     6   Next: 32%
Magic:  8/8        EV: 11    Int: 14    God:    Okawaru [*.....]
Gold:   234        SH:  0    Dex: 18    Spells: 5/5 levels left

rFire   . . .        Y - +0 shortbow
rCold   . . .        (shield currently unavailable)
rNeg    . . .        i - +0 ring mail
rPois   .            c - +2 hat
rElec   .            (no cloak)
rCorr   .            f - +0 pair of gloves
SInv    .            (no boots)
Will    .....        (no amulet)
Stlth   +            (no ring)
HPRegen 0.25/turn    (no ring)
MPRegen 0.11/turn

%: no passive effects
@: lethally poisoned (0 -> -6)
A: no striking features
a: Renounce Religion, Heroism


You were on level 5 of the Dungeon.
You worshipped Okawaru.
Okawaru was aware of your devotion.
You visited 1 branch of the dungeon, and saw 6 of its levels.

You collected 234 gold pieces.


   Skills:
 - Level 2.0 Fighting
 + Level 9.9 Ranged Weapons
 - Level 2.4 Dodging
 - Level 1.2 Stealth


You had 5 spell levels left.
You didn't know any spells.
Your spell library was empty.

Inventory:

Hand Weapons
 Y - a +0 shortbow (weapon)
Armour
 c - a +2 hat (worn)
 f - a +0 pair of gloves (worn)
 i - a +0 ring mail (worn)
Scrolls
 l - a scroll of identify
Potions
 a - a potion of might
 b - a potion of curing {unknown}
 d - a potion of magic {unknown}
 e - a potion of haste {unknown}
 g - a potion of resistance {unknown}
 j - a potion of lignification {unknown}
 k - a potion of enlightenment {unknown}

Dungeon Overview and Level Annotations

Branches:
Dungeon (6/15)
 Temple: D:4-7

Altars:
Cheibriados
Okawaru
Xom
Yredelemnul

Annotations:
D:5 3 runed translucent doors, qw's ghost, novice DEHu


Message History

Enter note:
Enter note:
Enter note:
Enter note:
Enter note:
Enter note: You shoot an arrow.
The arrow hits the ogre.
The ogre is moderately wounded.
A phantom comes into view.
You shoot an arrow. The arrow barely misses the ogre.
The arrow hits the scorpion.
The scorpion is moderately wounded.
You shoot an arrow. The arrow hits the ogre.
The ogre is heavily wounded.
You shoot an arrow. The arrow hits the ogre.
The ogre is heavily wounded.
The ogre closely misses you.
You shoot an arrow. The arrow barely misses the ogre.
The arrow completely misses the phantom.
The ogre closely misses you.
You shoot an arrow. The arrow hits the ogre!
The ogre is severely wounded.
The scorpion stings you.
You shoot an arrow. The arrow barely misses the ogre.
The scorpion stings you but does no damage.
The ogre hits you with a +0 giant club!
You shoot an arrow. The arrow hits the ogre.
The ogre is almost dead.
The scorpion closely misses you. The phantom misses you.
The ogre hits you with a +0 giant club. The scorpion stings you.
You are lethally poisoned!
The scorpion poisons you!
You shoot an arrow. The arrow hits the ogre.
You kill the ogre!
Okawaru is honoured by your kill.
You can now gain great but temporary skills.
You feel sick.
The phantom hits you but does no damage.
The scorpion stings you.
You die...

.[...## ####.......# #......#
......# # ##......# #.......
....### [ #......# #....... ...##
# #.##......#####....... ...#
#.#'#................... ...#
#....................... ...#
#....................... ...##
#.....)W................
....#####......s@................
................################.
................ #..........#.
................ #..........#.
................ #..........#.
................ #..........#.
................ #..........'.
................ #########....#.
#####.......# ##.##..###....#.


You could see a phantom and a scorpion.

Vanquished Creatures
  An ogre (D:5)
  A scorpion (D:4)
  A jelly (D:4)
  An orc priest (D:5)
  2 iguanas (D:5)
  A sleepcap (D:4)
  2 howler monkey zombies (D:5)
  2 adders (D:2)
  A white imp (D:6)
  2 dart slugs
  7 orcs (D:5)
  6 endoplasms
  10 goblins
  5 hobgoblins
  2 jackals (D:1)
  2 quokkas
  9 ball pythons
  7 bats
  A frilled lizard (D:3)
  7 kobolds
  10 rats
80 creatures vanquished.

Vanquished Creatures (others)
  An orc wizard (D:5)
1 creature vanquished.

Grand Total: 81 creatures vanquished

Notes
Turn   | Place    | Note
-------+----------+-------------------------------------------
     0 | D:1      | qw the Deep Elf Hunter began the quest for the Orb.
     0 | D:1      | Reached XP level 1. HP: 12/12 MP: 3/3
     0 | D:1      | 0 ||| qw: Version: 0.3-a-22-g0ed2b0b
     0 | D:1      | 0 ||| qw: Game counter: 5405
     0 | D:1      | 0 ||| qw: Melee chars always use a shield: true
     0 | D:1      | 0 ||| qw: God list: Okawaru
     0 | D:1      | 0 ||| qw: Allow faded altars: false
     0 | D:1      | 0 ||| qw: Do Orc after clearing Dungeon:15 true
     0 | D:1      | 0 ||| qw: Do second Lair branch before Depths: true
     0 | D:1      | 0 ||| qw: Lair rune preference: random
     0 | D:1      | 0 ||| qw: Goals: Normal
     0 | D:1      | 0 ||| PLANNING D:1-11
   120 | D:1      | Reached XP level 2. HP: 16/16 MP: 4/4
   125 | D:1      | Reached skill level 6 in Ranged Weapons
   695 | D:1      | 695 ||| UPGRADING to +0 pair of gloves.
   700 | D:1      | 700 ||| UPGRADING to +0 scale mail.
   710 | D:1      | 710 ||| DROPPING +0 leather armour.
   711 | D:1      | 711 ||| DROPPING ring of magical power.
   712 | D:1      | 712 ||| READING scroll labelled KYGAPO UZAE.
   713 | D:1      | 713 ||| READING scroll labelled ZEPLOT AKAROPS.
   714 | D:1      | 714 ||| READING scroll labelled SINYQO DYTUA.
   715 | D:1      | 715 ||| DRINKING 2 smoky ruby potions.
   716 | D:1      | 716 ||| DROPPING scroll of butterflies.
   755 | D:2      | HP: 4/16 [adder (3)]
   756 | D:2      | 756 ||| DRINKING potion of heal wounds.
   759 | D:2      | Reached XP level 3. HP: 15/20 MP: 5/5
   971 | D:2      | Reached skill level 7 in Ranged Weapons
  1269 | D:2      | 1269 ||| READING scroll labelled DISTOZ ROJOIRIMU.
  1359 | D:2      | 1359 ||| STAIRDANCE
  1765 | D:3      | Reached XP level 4. HP: 25/25 MP: 6/6
  1794 | D:3      | Found a snail-covered altar of Cheibriados.
  1801 | D:3      | Found an iron altar of Okawaru.
  1802 | D:3      | 1802 ||| PLANNING OKAWARU WORSHIP
  1802 | D:3      | 1802 ||| DRINKING 2 fuming golden potions.
  1803 | D:3      | 1803 ||| DROPPING potion of degeneration.
  1809 | D:3      | Became a worshipper of Warmaster Okawaru
  1810 | D:3      | 1810 ||| PLANNING D:1-11
  2095 | D:3      | 2095 ||| UPGRADING to +2 hat.
  2100 | D:3      | 2100 ||| UPGRADING to +0 ring mail.
  2110 | D:3      | 2110 ||| DROPPING +0 scale mail.
  2111 | D:3      | 2111 ||| READING 2 scrolls labelled YCISIVADAT.
  2112 | D:3      | 2112 ||| READING scroll labelled KUHINOUTAO.
  2243 | D:4      | 2243 ||| FLEEEEING.
  2245 | D:4      | 2245 ||| FLEEEEING.
  2393 | D:4      | Reached skill level 8 in Ranged Weapons
  2535 | D:4      | Reached XP level 5. HP: 29/29 MP: 7/7
  2819 | D:4      | 2819 ||| READING scroll labelled UCHOUN WUXEUFA.
  2820 | D:4      | 2820 ||| READING scroll labelled QIOHERODYE.
  2821 | D:4      | 2821 ||| READING scroll labelled FYLOVO VEIRIHO.
  2875 | D:4      | 2875 ||| DRINKING 2 fizzy orange potions.
  2910 | D:5      | Entered Level 5 of the Dungeon
  2918 | D:5      | 2918 ||| STAIRDANCE
  2925 | D:4      | Reached skill level 9 in Ranged Weapons
  3058 | D:5      | Found a shimmering altar of Xom.
  3119 | D:5      | You fall into a shaft and drop 1 floor!
  3154 | D:5      | Reached XP level 6. HP: 19/35 MP: 8/8
  3270 | D:5      | 3270 ||| Stepping ~*~*~tactically~*~*~ (outnumbered).
  3272 | D:5      | 3272 ||| Stepping ~*~*~tactically~*~*~ (outnumbered).
  3274 | D:5      | 3274 ||| Stepping ~*~*~tactically~*~*~ (outnumbered).
  3276 | D:5      | 3276 ||| Stepping ~*~*~tactically~*~*~ (outnumbered).
  3288 | D:5      | 3288 ||| Stepping ~*~*~tactically~*~*~ (outnumbered).
  3302 | D:5      | HP: 8/35 [orc/+0 hand axe (4)]
  3303 | D:5      | 3303 ||| DRINKING potion of heal wounds.
  3459 | D:5      | Found a runed translucent gate.
  3459 | D:5      | Found a runed translucent gate.
  3459 | D:5      | Found a runed translucent gate.
  3459 | D:5      | Noticed qw's ghost (novice DEHu)
  3461 | D:5      | Found a basalt altar of Yredelemnul.
  3592 | D:5      | HP: 8/35 [scorpion (1)]
  3593 | D:5      | Reached * piety under Okawaru
  3593 | D:5      | Slain by a scorpion

Levels and vault maps discovered:
D:1:      mushboom_english_gardens, layout_basic
D:2:      kb_forest_paths, layout_basic, chequers_serial_rivers_micro_d,
          minivault_14
D:3:      layout_basic, nicolae_overflow_squiral, uniq_crazy_yiuf_cottage
D:4:      kennysheep_the_goblin_king, layout_loops_ring,
          kennysheep_generic_room_15
D:5:      layout_gridville, nicolae_yredelemnul_ghost_church, marbit_many_paths,
          st_stairs_8, minmay_joined_circles
D:6:      layout_basic

Skill      XL: |  1  2  3  4  5 |
---------------+----------------+-----
Ranged Weapons | 6 7 8 9 |  9.9
Fighting       | 2 |  2.0
Dodging        | |  2.4
Stealth        | |  1.2

Action                     |  1- 3 |  4- 6 || total
---------------------------+-------+-------++-------
   Fire: Shortbow          |   103 |   161 ||   264
    Use: Scroll            |     4 |     5 ||     9
         Potion            |     2 |     3 ||     5
 Armour: Leather armour    |     2 |       ||     2
         Scale mail        |    27 |       ||    27
         Ring mail         |       |    42 ||    42
  Dodge: Dodged            |    22 |    66 ||    88

Table legend:
 A = Non-vault XP
 B = Vault XP
 C = Vault XP percentage of total XP
 D = Non-vault monster count
 E = Vault monster count
 F = Vault count percentage of total count
                 A         B        C        D         E       F
            +---------+---------+-------+---------+---------+-------
      Total |     315 |     302 |  48.9 |      63 |      18 |  22.2
            +---------+---------+-------+---------+---------+-------
        D:1 |      37 |       0 |   0.0 |      22 |       0 |   0.0
        D:2 |      42 |      12 |  22.2 |      11 |       6 |  35.3
        D:3 |      15 |       0 |   0.0 |      12 |       0 |   0.0
        D:4 |      86 |     100 |  53.8 |       6 |       8 |  57.1
        D:5 |     125 |     190 |  60.3 |      11 |       4 |  26.7
        D:6 |      10 |       0 |   0.0 |       1 |       0 |   0.0
            +---------+---------+-------+---------+---------+-------
